[Event "ICC tourney 2520 (60 10)"]
[Site "Internet Chess Club"]
[Date "2021.04.17"]
[Round "3"]
[White "GORDON, RYAN:RJMagnus"]
[Black "KANG, LAUREN SEYIN:earlcat"]
[Result "1-0"]
[ICCResult "Black checkmated"]
[WhiteElo "633"]
[BlackElo "409"]
[Opening "QGD: Grau (Sahovic) defense"]
[ECO "D06"]
[NIC "QP.08"]
[Time "16:31:07"]
[PlyCount "63"]
[TimeControl "3600+10"]

1. d4 d5 2. c4 Bf5 3. Nc3 Nf6 4. Nf3 e6 5. Bf4 Bb4 6. e3 Ne4 7. Qb3 Bxc3+
8. bxc3 Nf6 9. Be2 O-O 10. O-O Nc6 11. cxd5 exd5 12. Qxb7 Ne7 13. Qxc7 Qxc7
14. Bxc7 Rac8 15. Bd6 Rfe8 16. Bb5 Nc6 17. Ne5 Re6 18. Ba3 Nxe5 19. dxe5
Rb6 20. exf6 Rxb5 21. fxg7 Kxg7 22. h3 Rxc3 23. Bc1 Rc2 24. g4 Bd3 25. Rd1
Bc4 26. Rd2 Rxd2 27. Bxd2 Rb2 28. Bc3+ Kg6 29. Bxb2 Kg5 30. f4+ Kh4 31. Kg2
Bd3 32. Bf6# { Black checkmated } 1-0

[Event "ICC tourney 2520 (60 10)"]
[Site "Internet Chess Club"]
[Date "2021.04.17"]
[Round "3"]
[White "MOGHE, ARJUN CHAITANYA:Galactico7"]
[Black "GOH, OLIVER:olivergps33"]
[Result "1-0"]
[ICCResult "Black checkmated"]
[WhiteElo "340"]
[BlackElo "613"]
[Opening "Two knights defense, Perreux variation"]
[ECO "C55"]
[NIC "KP.02"]
[Time "16:31:03"]
[PlyCount "79"]
[TimeControl "3600+10"]

1. e4 e5 2. Nf3 Nc6 3. d4 exd4 4. Bc4 Nf6 5. Ng5 d5 6. exd5 Nxd5 7. Nxf7
Kxf7 8. Qf3+ Ke8 9. Bxd5 Qd7 10. O-O Nb4 11. Bb3 Qf5 12. Re1+ Kd8 13. Qg3
Nxc2 14. Bg5+ Be7 15. Bxe7+ Ke8 16. Bxc2 Qa5 17. Bb4+ Be6 18. Bxa5 Kd7 19.
Qxc7+ Ke8 20. Rxe6+ Kf8 21. Qe7+ Kg8 22. Qe8+ Rxe8 23. Rxe8+ Kf7 24. Rxh8
Kf6 25. Na3 Ke5 26. Rxh7 Kf6 27. Rh4 g5 28. Rxd4 Ke5 29. Rd3 Ke4 30. Re1+
Kf4 31. Rf3+ Kg4 32. Re4+ Kh5 33. Re7 g4 34. Rf5+ Kg6 35. Rfe5+ Kf6 36.
R7e6+ Kf7 37. Rd6 Kf8 38. Rf6+ Kg8 39. Rg5+ Kh8 40. Rh6# { Black checkmated
} 1-0

[Event "ICC tourney 2520 (60 10)"]
[Site "Internet Chess Club"]
[Date "2021.04.17"]
[Round "3"]
[White "CAO, ELIZABETH YEHENG:LizCao"]
[Black "ALBANO, MILES:MrAnalysis"]
[Result "0-1"]
[ICCResult "White checkmated"]
[WhiteElo "371"]
[BlackElo "623"]
[Opening "Four knights: Italian variation"]
[ECO "C47"]
[NIC "KP.06"]
[Time "16:47:34"]
[PlyCount "48"]
[TimeControl "3600+10"]

1. e4 e5 2. Nf3 Nc6 3. Nc3 Nf6 4. Bc4 Nxe4 5. Nd5 Nf6 6. Nxf6+ Qxf6 7. O-O
Qd8 8. d3 d5 9. Bb3 Bg4 10. Qe2 Qd7 11. Be3 e4 12. dxe4 dxe4 13. Ne5 Nxe5
14. Qe1 O-O-O 15. Qc3 Nf3+ 16. gxf3 Bxf3 17. Qe5 Bd6 18. Qg5 Rhg8 19. Qh4
Qf5 20. Rad1 Qg6+ 21. Qg3 Bxg3 22. Rxd8+ Rxd8 23. hxg3 Qh5 24. Bf4 Qh1# {
White checkmated } 0-1

[Event "ICC tourney 2520 (60 10)"]
[Site "Internet Chess Club"]
[Date "2021.04.17"]
[Round "3"]
[White "ROBINSON, LEO:LeoRps130"]
[Black "Agarwal, Rohan:rohanagarwal"]
[Result "1-0"]
[ICCResult "Black checkmated"]
[WhiteElo "335"]
[BlackElo "179"]
[Opening "Queen's pawn game"]
[ECO "D00"]
[NIC "QP.08"]
[Time "16:50:51"]
[PlyCount "37"]
[TimeControl "3600+10"]

1. d4 d5 2. e3 Nc6 3. Bd3 Nf6 4. f4 e6 5. Nf3 Bb4+ 6. c3 Ba5 7. Ne5 Nxe5 8.
dxe5 O-O 9. exf6 Qxf6 10. O-O Bd7 11. Rf3 Bc6 12. Rh3 Bb6 13. Qh5 Rfe8 14.
Qxh7+ Kf8 15. b3 e5 16. Ba3+ Bc5 17. Bxc5+ Re7 18. Bxe7+ Qxe7 19. Qh8# {
Black checkmated } 1-0

[Event "ICC tourney 2520 (60 10)"]
[Site "Internet Chess Club"]
[Date "2021.04.17"]
[Round "3"]
[White "DUARTE, ERIC:Erick2020"]
[Black "NOGI, JASPER:JasperN"]
[Result "0-1"]
[ICCResult "White checkmated"]
[WhiteElo "552"]
[BlackElo "330"]
[Opening "French defense"]
[ECO "C00"]
[NIC "FR.01"]
[Time "16:31:22"]
[PlyCount "86"]
[TimeControl "3600+10"]

1. e4 e6 2. Nf3 d5 3. e5 Nc6 4. Bb5 Bd7 5. O-O Bc5 6. Nc3 Nge7 7. d3 O-O 8.
Bg5 h6 9. Bxe7 Qxe7 10. Qd2 a6 11. Bxc6 Bxc6 12. d4 Bb6 13. Rae1 Qb4 14.
Rb1 Bb5 15. a3 Qe7 16. Rfe1 Bc6 17. h3 f6 18. exf6 Qxf6 19. Re2 Rfe8 20.
Rbe1 Rad8 21. Qd3 Rd7 22. Re3 Rde7 23. Re5 Qf4 24. g3 Qf7 25. g4 Qf6 26. g5
hxg5 27. Rxg5 Bxd4 28. Rf1 e5 29. Qg6 Qxf3 30. Rh5 Rf7 31. Qh7+ Kf8 32.
Qh8+ Ke7 33. Qh7 Bxf2+ 34. Rxf2 Qxf2+ 35. Kh1 Kd8 36. Qg6 Rf3 37. Qg5+ Kc8
38. Qg4+ Kb8 39. Rg5 Re7 40. Nd1 Qf1+ 41. Qg1 Qxh3+ 42. Qh2 Rf1+ 43. Rg1
d4# { White checkmated } 0-1

[Event "ICC tourney 2520 (60 10)"]
[Site "Internet Chess Club"]
[Date "2021.04.17"]
[Round "3"]
[White "LEESE, ELLIOT:Elliotlps139"]
[Black "Na, Alexander:Madsilly3"]
[Result "0-1"]
[ICCResult "White checkmated"]
[WhiteElo "100"]
[BlackElo "403"]
[Opening "Benko's opening"]
[ECO "A00"]
[NIC "VO.09"]
[Time "16:45:30"]
[PlyCount "56"]
[TimeControl "3600+10"]

1. g3 e5 2. e4 Nf6 3. f3 Bc5 4. Ne2 d6 5. c4 Nc6 6. Nbc3 Be6 7. d3 Bb4 8.
a3 Bxc3+ 9. bxc3 O-O 10. Qd2 Re8 11. g4 Na5 12. g5 Nh5 13. Bh3 Nb3 14. Qb2
Nxa1 15. Qxa1 Nf4 16. Nxf4 exf4 17. Bxe6 fxe6 18. Bxf4 e5 19. Bg3 c6 20. d4
exd4 21. cxd4 d5 22. cxd5 cxd5 23. f4 dxe4 24. f5 e3 25. Ke2 Qxg5 26. h4
Qxf5 27. Rf1 Qc2+ 28. Ke1 Qd2# { White checkmated } 0-1

[Event "ICC tourney 2520 (60 10)"]
[Site "Internet Chess Club"]
[Date "2021.04.17"]
[Round "3"]
[White "SINGH, AKSHAT:akshatsingh475"]
[Black "WANG, ARSTON:randomplayer533"]
[Result "1-0"]
[ICCResult "Black checkmated"]
[WhiteElo "623"]
[BlackElo "757"]
[Opening "Giuoco Piano"]
[ECO "C50"]
[NIC "IG.02"]
[Time "16:31:35"]
[PlyCount "131"]
[TimeControl "3600+10"]

1. e4 e5 2. Nf3 Nc6 3. Bc4 Bc5 4. O-O d6 5. h3 h6 6. c3 Nf6 7. d3 a6 8.
Nbd2 O-O 9. Re1 Bd7 10. Nf1 Qe7 11. Ng3 Rfe8 12. d4 exd4 13. cxd4 Ba7 14.
e5 dxe5 15. dxe5 Nh5 16. Nxh5 Bf5 17. Bf4 Rad8 18. Qe2 b5 19. Bb3 Bg6 20.
Ng3 Bd3 21. Qd1 Na5 22. Bc2 Bxf2+ 23. Kxf2 Bg6 24. Qe2 Qc5+ 25. Be3 Qxc2
26. Qxc2 Bxc2 27. Rec1 Bg6 28. Rxc7 Nc4 29. Bd4 Rc8 30. Rxc8 Rxc8 31. Rc1
Rc6 32. Nh4 Nxe5 33. Rxc6 Nxc6 34. Nxg6 Nxd4 35. Ne5 g5 36. Ke3 Nc2+ 37.
Ke4 f6 38. Nd7 Ne1 39. Nxf6+ Kf7 40. Ng4 Nxg2 41. Nxh6+ Kg6 42. Ng4 Nf4 43.
Nf2 Ne6 44. Nd3 Kf6 45. Kd5 Ke7 46. Kc6 Nf4 47. Nf2 Ne6 48. Kb6 Nd4 49.
Kxa6 Kf6 50. Nfe4+ Kg6 51. b3 Kh6 52. a4 Kg6 53. axb5 Ne6 54. b6 Nd8 55. b7
Nxb7 56. Kxb7 Kh6 57. b4 Kg6 58. b5 Kh6 59. b6 Kg6 60. Kc6 Kh6 61. b7 Kg6
62. b8=Q Kh6 63. Qd6+ Kh7 64. Nxg5+ Kg7 65. Nf5+ Kg8 66. Qd8# { Black
checkmated } 1-0

[Event "ICC tourney 2520 (60 10)"]
[Site "Internet Chess Club"]
[Date "2021.04.18"]
[Round "4"]
[White "SHRESTHA, AYAN:knight-vision"]
[Black "Kim, Ethan:EthanJKps11"]
[Result "0-1"]
[ICCResult "White checkmated"]
[WhiteElo "283"]
[BlackElo "497"]
[Opening "Giuoco Piano: four knights variation"]
[ECO "C28"]
[NIC "VG.02"]
[Time "10:02:26"]
[PlyCount "28"]
[TimeControl "3600+10"]

1. e4 e5 2. Bc4 Nf6 3. Nc3 Nc6 4. Nf3 Bc5 5. O-O O-O 6. d3 d6 7. Bg5 Bg4 8.
Bxf6 Qxf6 9. a3 Nd4 10. b4 Nxf3+ 11. gxf3 Bxf3 12. Qd2 Bd4 13. Nd5 Qg6+ 14.
Qg5 Qxg5# { White checkmated } 0-1

[Event "ICC tourney 2520 (60 10)"]
[Site "Internet Chess Club"]
[Date "2021.04.18"]
[Round "4"]
[White "ALBANO, MILES:MrAnalysis"]
[Black "VELAMOOR, MILIN:milin2012"]
[Result "1-0"]
[ICCResult "Black checkmated"]
[WhiteElo "623"]
[BlackElo "100"]
[Opening "Scandinavian (center counter) defense"]
[ECO "B01"]
[NIC "VO.17"]
[Time "10:02:42"]
[PlyCount "25"]
[TimeControl "3600+10"]

1. e4 d5 2. Nc3 d4 3. Nd5 Be6 4. c4 Nc6 5. d3 Nh6 6. Bxh6 gxh6 7. Nf3 Bg7
8. Nh4 Qd6 9. Be2 O-O 10. Bg4 Bxg4 11. Qxg4 Nb4 12. Nf5 Qa6 13. Qxg7# {
Black checkmated } 1-0

[Event "ICC tourney 2520 (60 10)"]
[Site "Internet Chess Club"]
[Date "2021.04.18"]
[Round "4"]
[White "Na, Alexander:Madsilly3"]
[Black "VITTICORE, VIOLA:ViolaVps130"]
[Result "1-0"]
[ICCResult "Black checkmated"]
[WhiteElo "403"]
[BlackElo "163"]
[Opening "King's knight opening"]
[ECO "C40"]
[NIC "KP.10"]
[Time "10:02:46"]
[PlyCount "37"]
[TimeControl "3600+10"]

1. e4 e5 2. Nf3 Qg5 3. Nxg5 Nc6 4. Qf3 d6 5. Qxf7+ Kd8 6. Qxf8+ Kd7 7. Qf7+
Kd8 8. Ne6+ Bxe6 9. Qxe6 Nf6 10. d3 Nd4 11. Qf7 Re8 12. Bg5 Re7 13. Qf8+
Kd7 14. Bxf6 Ree8 15. Qxg7+ Kc8 16. Be2 Re7 17. Bg4+ Kb8 18. Qg8+ Re8 19.
Qxe8# { Black checkmated } 1-0

[Event "ICC tourney 2520 (60 10)"]
[Site "Internet Chess Club"]
[Date "2021.04.18"]
[Round "4"]
[White "Zinder, Eyden:EydenZ"]
[Black "DAYEN, ANDREW:adayen"]
[Result "1-0"]
[ICCResult "Black checkmated"]
[WhiteElo "647"]
[BlackElo "396"]
[Opening "King's pawn game"]
[ECO "C50"]
[NIC "IG.03"]
[Time "10:02:26"]
[PlyCount "33"]
[TimeControl "3600+10"]

1. e4 e5 2. Nf3 Nc6 3. Bc4 f6 4. Nc3 Bb4 5. d3 d6 6. Be3 Bg4 7. O-O Bxc3 8.
bxc3 Nge7 9. h3 Bxf3 10. Qxf3 Qd7 11. Qh5+ g6 12. Qh6 Na5 13. Qg7 Rg8 14.
Bxg8 Nac6 15. Bf7+ Kd8 16. Qf8+ Qe8 17. Qxe8# { Black checkmated } 1-0

[Event "ICC tourney 2520 (60 10)"]
[Site "Internet Chess Club"]
[Date "2021.04.18"]
[Round "4"]
[White "RIM, ARIANNA NAHRIM:Arianna0527"]
[Black "BELYAKOV, KSENIA:SAKseniaB"]
[Result "1-0"]
[ICCResult "Black checkmated"]
[WhiteElo "359"]
[BlackElo "115"]
[Opening "KP: Nimzovich defense"]
[ECO "B00"]
[NIC "VO.04"]
[Time "10:03:00"]
[PlyCount "23"]
[TimeControl "3600+10"]

1. e4 Nc6 2. Nc3 b6 3. Nf3 d6 4. Bb5 Bd7 5. d4 Qb8 6. d5 Qd8 7. dxc6 Bxc6
8. Bxc6+ Qd7 9. Bxd7+ Kxd7 10. Ne5+ Ke8 11. Qd5 Nf6 12. Qxa8# { Black
checkmated } 1-0

[Event "ICC tourney 2520 (60 10)"]
[Site "Internet Chess Club"]
[Date "2021.04.18"]
[Round "4"]
[White "ROOSEN, WILLIAM:Willy013"]
[Black "Tsay, Benjamin:tkdmaster725"]
[Result "0-1"]
[ICCResult "White checkmated"]
[WhiteElo "782"]
[BlackElo "496"]
[Opening "Scotch opening"]
[ECO "C44"]
[NIC "KP.10"]
[Time "10:02:40"]
[PlyCount "58"]
[TimeControl "3600+10"]

1. e4 e5 2. Nf3 Nc6 3. d4 d6 4. dxe5 dxe5 5. Qxd8+ Nxd8 6. Nxe5 Bd6 7. Nc4
Bb4+ 8. c3 Bc5 9. b4 Be7 10. Be2 Nf6 11. e5 Ne4 12. Bf3 Ng5 13. Bxg5 Bxg5
14. O-O O-O 15. Nba3 Nc6 16. Nb5 Bd7 17. Nxc7 Rac8 18. Bxc6 Bxc6 19. Na5
Rxc7 20. f4 Be7 21. Nxc6 Rxc6 22. Rad1 Rxc3 23. Rd7 Bxb4 24. Rxb7 Bc5+ 25.
Kh1 Rc2 26. Rc7 a5 27. Rd1 a4 28. Rd5 Rc1+ 29. Rd1 Rxd1# { White checkmated
} 0-1

[Event "ICC tourney 2520 (60 10)"]
[Site "Internet Chess Club"]
[Date "2021.04.18"]
[Round "4"]
[White "DUARTE, ERIC:Erick2020"]
[Black "VON SCHIMMELMANN, ALEXANDER:AlexV2013"]
[Result "1-0"]
[ICCResult "Black checkmated"]
[WhiteElo "552"]
[BlackElo "273"]
[Opening "Scandinavian (center counter) defense"]
[ECO "B01"]
[NIC "VO.17"]
[Time "10:02:44"]
[PlyCount "41"]
[TimeControl "3600+10"]

1. e4 d5 2. Nc3 e6 3. d3 Bb4 4. exd5 exd5 5. Nf3 Ne7 6. Be2 O-O 7. O-O Bxc3
8. bxc3 Bg4 9. h3 Bxf3 10. Bxf3 Nbc6 11. Ba3 Rc8 12. Bb2 Qd6 13. Re1 Rce8
14. Qc1 Ne5 15. Qg5 Kh8 16. Rxe5 Rg8 17. Rae1 Nc8 18. d4 Qg6 19. Rxe8 Qxg5
20. Rxg8+ Kxg8 21. Re8# { Black checkmated } 1-0

[Event "ICC tourney 2520 (60 10)"]
[Site "Internet Chess Club"]
[Date "2021.04.18"]
[Round "4"]
[White "HERNANDEZ, KAMILA :KamilaHps139"]
[Black "PARAOAN, HADLEY:Bigcitypanda"]
[Result "0-1"]
[ICCResult "White checkmated"]
[WhiteElo "177"]
[BlackElo "479"]
[Opening "Queen's pawn: Chigorin variation"]
[ECO "D00"]
[NIC "QP.08"]
[Time "10:02:45"]
[PlyCount "38"]
[TimeControl "3600+10"]

1. d4 d5 2. Nc3 Bf5 3. g3 Nf6 4. Bg2 e6 5. g4 Bxg4 6. h3 Bf5 7. Rh2 Bd6 8.
Rh1 O-O 9. Nf3 Nc6 10. Bg5 h6 11. Bh4 e5 12. Qd2 exd4 13. Na4 Qe8 14. O-O-O
Ne4 15. Qd3 Nb4 16. Qb3 a5 17. Nh2 Nc5 18. Qa3 Qxe2 19. Rhe1 Qxc2# { White
checkmated } 0-1

[Event "ICC tourney 2520 (60 10)"]
[Site "Internet Chess Club"]
[Date "2021.04.18"]
[Round "4"]
[White "WEISSMAN, JONAS:nycjjw"]
[Black "Feldman, Julian:DaltonTiger"]
[Result "0-1"]
[ICCResult "White resigns"]
[WhiteElo "411"]
[BlackElo "246"]
[Opening "Vienna game"]
[ECO "C27"]
[NIC "VG.02"]
[Time "10:02:45"]
[PlyCount "50"]
[TimeControl "3600+10"]

1. e4 e5 2. Bc4 Nf6 3. Nc3 Nxe4 4. Nxe4 d5 5. Bxd5 Qxd5 6. d3 Bf5 7. Qf3
Bg6 8. c4 Qd4 9. Ne2 Bxe4 10. Qxe4 Bb4+ 11. Nc3 Bxc3+ 12. Bd2 Bxd2+ 13.
Kxd2 Qxb2+ 14. Ke3 Nd7 15. Rhb1 Qa3 16. Rb3 Qd6 17. Qxb7 O-O 18. Rab1 Nc5
19. Qd5 Qh6+ 20. Ke2 Nxb3 21. Rxb3 Rad8 22. Qxe5 Rfe8 23. Qxe8+ Rxe8+ 24.
Kf3 Qf6+ 25. Kg3 h6 { White resigns } 0-1

[Event "ICC tourney 2520 (60 10)"]
[Site "Internet Chess Club"]
[Date "2021.04.18"]
[Round "4"]
[White "CARROLL, MAX Isaac:MaxCarroll"]
[Black "Mazur, Hudson:hmnyc"]
[Result "1-0"]
[ICCResult "Black checkmated"]
[WhiteElo "477"]
[BlackElo "682"]
[Opening "Caro-Kann: Tartakower (Nimzovich) variation"]
[ECO "B15"]
[NIC "CK.06"]
[Time "10:02:18"]
[PlyCount "93"]
[TimeControl "3600+10"]

1. e4 c6 2. d4 d5 3. Nc3 dxe4 4. Nxe4 Nf6 5. Nxf6+ exf6 6. Bf4 Bd6 7. Qe2+
Be6 8. Bxd6 Qxd6 9. Nf3 O-O 10. g3 Re8 11. Bg2 Bc4 12. Qxe8+ Qf8 13. Qxf8+
Kxf8 14. O-O-O Bxa2 15. b3 Bxb3 16. cxb3 Nd7 17. Rhe1 c5 18. dxc5 Nxc5 19.
b4 Ne6 20. Rd7 b6 21. Nd4 Rc8+ 22. Kd1 Nxd4 23. Rxd4 a5 24. bxa5 bxa5 25.
Ra4 Rd8+ 26. Ke2 Re8+ 27. Kf1 Rb8 28. Rxa5 Rd8 29. Ra7 g6 30. Ree7 Rd1+ 31.
Ke2 Rd8 32. Rxf7+ Kg8 33. Rg7+ Kf8 34. Raf7+ Ke8 35. Rxh7 Rc8 36. Re7+ Kf8
37. Rhf7+ Kg8 38. Rxf6 g5 39. Rg6+ Kf8 40. Rgg7 Rd8 41. Ref7+ Ke8 42. Bc6+
Rd7 43. Bxd7+ Kd8 44. Rg8+ Kc7 45. Rxg5 Kd8 46. Be6 Ke8 47. Rg8# { Black
checkmated } 1-0

[Event "ICC tourney 2520 (60 10)"]
[Site "Internet Chess Club"]
[Date "2021.04.18"]
[Round "4"]
[White "Ramkumar, Nikhil:nikhilramkumar"]
[Black "KHAN, ADIL LEONIDAS:akhan123"]
[Result "0-1"]
[ICCResult "White checkmated"]
[WhiteElo "667"]
[BlackElo "757"]
[Opening "Giuoco Pianissimo: Italian four knights variation"]
[ECO "C50"]
[NIC "IG.02"]
[Time "10:02:26"]
[PlyCount "64"]
[TimeControl "3600+10"]

1. e4 e5 2. Nf3 Nc6 3. Bc4 Bc5 4. Nc3 Nf6 5. d3 h6 6. h3 d6 7. Na4 Bb6 8.
Nc3 O-O 9. a3 Be6 10. Nd5 a6 11. Nxb6 cxb6 12. Ba2 Bxa2 13. Rxa2 Nd4 14.
Nxd4 exd4 15. O-O d5 16. e5 Nd7 17. Re1 Re8 18. Bf4 Qh4 19. Bg3 Qg5 20. f4
Qxg3 21. Rf1 Qg6 22. Qf3 Qf5 23. Raa1 Rf8 24. Qxd5 Nf6 25. exf6 Qxd5 26.
fxg7 Rfe8 27. f5 Re2 28. Rf2 Rxf2 29. Kxf2 Qxf5+ 30. Kg1 Re8 31. Rf1 Qe5
32. Kf2 Qe3# { White checkmated } 0-1

[Event "ICC tourney 2520 (60 10)"]
[Site "Internet Chess Club"]
[Date "2021.04.18"]
[Round "4"]
[White "ZHANG, JERRY TIANCHEN:jerry65321"]
[Black "Day, Abbott:c30ad"]
[Result "1-0"]
[ICCResult "Black checkmated"]
[WhiteElo "633"]
[BlackElo "455"]
[Opening "Queen's pawn game"]
[ECO "A45"]
[NIC "QP.07"]
[Time "10:02:37"]
[PlyCount "65"]
[TimeControl "3600+10"]

1. d4 Nf6 2. Nc3 Nc6 3. Nf3 d5 4. Bf4 Bf5 5. e3 Nb4 6. Bd3 Nxd3+ 7. cxd3 e6
8. O-O Bb4 9. a3 Ba5 10. b4 Bb6 11. Re1 c6 12. e4 dxe4 13. dxe4 Bg4 14. h3
Bh5 15. Qd3 Bxf3 16. Qxf3 Qxd4 17. Rad1 Qc4 18. Bd2 O-O 19. Qg3 Rad8 20.
Bh6 Nh5 21. Qg5 Rxd1 22. Nxd1 Bd8 23. Qxh5 gxh6 24. Qxh6 f6 25. Re3 Kf7 26.
Qxh7+ Ke8 27. Qg6+ Kd7 28. e5 fxe5 29. Rd3+ Ke7 30. Qh7+ Rf7 31. Qh4+ Rf6
32. Qh7+ Kf8 33. Rxd8# { Black checkmated } 1-0

[Event "ICC tourney 2520 (60 10)"]
[Site "Internet Chess Club"]
[Date "2021.04.18"]
[Round "4"]
[White "SONG, OLIVIA:dratini11"]
[Black "KLIPER, ARIEL:ArKliper"]
[Result "0-1"]
[ICCResult "White checkmated"]
[WhiteElo "319"]
[BlackElo "606"]
[Opening "Giuoco Piano"]
[ECO "C50"]
[NIC "IG.02"]
[Time "10:02:24"]
[PlyCount "96"]
[TimeControl "3600+10"]

1. e4 e5 2. Nf3 Nc6 3. Bc4 Bc5 4. O-O Nf6 5. Nc3 O-O 6. d3 d6 7. Bg5 Bg4 8.
h3 Bxf3 9. Qxf3 Nd4 10. Qe3 Nxc2 11. Qc1 Nxa1 12. Qxa1 h6 13. Bxf6 Qxf6 14.
Nd5 Qg5 15. Qd1 c6 16. Nc7 Rac8 17. d4 Rxc7 18. dxc5 dxc5 19. a4 Rcc8 20.
b4 Rfd8 21. Qf3 Rf8 22. bxc5 Rc7 23. h4 Qxh4 24. Be2 b6 25. cxb6 axb6 26.
a5 bxa5 27. Qf5 Ra7 28. Qxe5 a4 29. Qf5 a3 30. e5 g6 31. Qf6 a2 32. Qxh4
a1=Q 33. Rxa1 Rxa1+ 34. Kh2 g5 35. Qd4 Ra2 36. Qc4 Rd2 37. e6 fxe6 38. Bd3
Rdxf2 39. Qe4 R8f5 40. Qxe6+ Rf7 41. Bc4 h5 42. Qe3 g4 43. Qe5 h4 44. Qh5
h3 45. Kg3 hxg2 46. Qxg4+ Kf8 47. Qh5 g1=Q+ 48. Kh4 Rh2# { White checkmated
} 0-1

[Event "ICC tourney 2520 (60 10)"]
[Site "Internet Chess Club"]
[Date "2021.04.18"]
[Round "4"]
[White "STRAND, MAXIMILIAN:maxstrand11"]
[Black "LEESE, ELLIOT:Elliotlps139"]
[Result "1-0"]
[ICCResult "Black checkmated"]
[WhiteElo "322"]
[BlackElo "100"]
[Opening "King's pawn game"]
[ECO "C44"]
[NIC "KP.10"]
[Time "10:02:48"]
[PlyCount "155"]
[TimeControl "3600+10"]

1. e4 e5 2. Nf3 Nc6 3. b3 a5 4. Nc3 Bb4 5. Bb2 Bxc3 6. dxc3 Nf6 7. Bd3 d5
8. exd5 Nxd5 9. Bb5 Ne7 10. Qxd8+ Kxd8 11. O-O-O+ Bd7 12. Nxe5 Na7 13.
Rxd7+ Ke8 14. Rxc7+ Nxb5 15. Rc5 Na7 16. Rd1 Nac6 17. Nd7 b6 18. Nxb6 Ra6
19. Rb5 Nb8 20. Nc4 a4 21. Rxb8+ Nc8 22. Rxc8+ Ke7 23. Rxh8 Re6 24. Nd2 Rd6
25. Ba3 Ke6 26. Bxd6 Kxd6 27. Re1 Kd7 28. Rhe8 Kd6 29. R1e5 Kc6 30. Rd8 Kb6
31. Red5 Ka6 32. Rb8 Ka7 33. Rd7+ Kxb8 34. bxa4 Kc8 35. Rd4 Kb8 36. a5 Ka8
37. a6 Ka7 38. Rd6 Kb8 39. Rd7 Ka8 40. Rd8+ Ka7 41. Rd6 Kb8 42. Nc4 Ka7 43.
Ne5 Ka8 44. a7 Kxa7 45. c4 Kb7 46. c5 Kc7 47. c6 Kxd6 48. f4 Kc7 49. a4 f6
50. Nf7 Kxc6 51. Nd8+ Kc7 52. Ne6+ Kd7 53. Nd4 Kc7 54. Nb5+ Kb7 55. a5 Ka6
56. Nd4 Kxa5 57. Ne6 g6 58. Ng7 Kb6 59. f5 gxf5 60. Nxf5 Kc6 61. Kd2 Kd5
62. Ke3 Ke6 63. Kf4 Kd5 64. Kg4 Kc4 65. Kh5 Kc3 66. Kh6 Kxc2 67. Kxh7 Kd2
68. Kg6 Ke2 69. Kxf6 Kf2 70. g4 Kf3 71. h3 Kf4 72. Nh6 Kg3 73. g5 Kxh3 74.
g6 Kh4 75. g7 Kh5 76. g8=Q Kxh6 77. Qg4 Kh7 78. Qg7# { Black checkmated }
1-0

[Event "ICC tourney 2520 (60 10)"]
[Site "Internet Chess Club"]
[Date "2021.04.18"]
[Round "4"]
[White "ADAMS, MAXIMILIAN:maxadams"]
[Black "CHAN, IVANA ROSE:ivanachan"]
[Result "0-1"]
[ICCResult "White checkmated"]
[WhiteElo "448"]
[BlackElo "739"]
[Opening "Giuoco Pianissimo: Italian four knights variation"]
[ECO "C50"]
[NIC "IG.02"]
[Time "10:02:36"]
[PlyCount "116"]
[TimeControl "3600+10"]

1. e4 e5 2. Nf3 Nc6 3. Bc4 Bc5 4. Nc3 Nf6 5. d3 O-O 6. Bg5 h6 7. Bxh6 gxh6
8. O-O Kh7 9. Ne2 d6 10. c3 Rg8 11. d4 Bh3 12. Kh1 Bxg2+ 13. Kg1 Bxf3+ 14.
Ng3 Bxd1 15. Bxf7 Rg7 16. Be6 Be2 17. Bf5+ Kh8 18. Rfe1 Bf3 19. dxc5 dxc5
20. Re3 Bg4 21. Bxg4 Rxg4 22. h3 Rg8 23. Ree1 Nh5 24. Rad1 Qf6 25. Kh2 Nxg3
26. fxg3 Qf2+ 27. Kh1 Qxg3 28. Rg1 Qf3+ 29. Kh2 Rad8 30. Rdf1 Qe2+ 31. Kh1
Qf3+ 32. Rxf3 Rxg1+ 33. Kxg1 Rg8+ 34. Kh2 b5 35. Rf2 b4 36. cxb4 cxb4 37.
Rf6 Nd4 38. Rxh6+ Kg7 39. Ra6 Nb5 40. Ra4 c5 41. a3 bxa3 42. bxa3 Nc3 43.
Rc4 Ne2 44. Rxc5 Kf6 45. Rc6+ Kg5 46. Rc2 Nd4 47. Rg2+ Kf4 48. Rxg8 Kxe4
49. Rg4+ Kd3 50. h4 e4 51. h5 e3 52. h6 e2 53. Rg1 Nf3+ 54. Kg2 Nxg1 55.
Kf2 Nh3+ 56. Ke1 Ng5 57. a4 Ke3 58. h7 Nf3# { White checkmated } 0-1

[Event "ICC tourney 2520 (60 10)"]
[Site "Internet Chess Club"]
[Date "2021.04.18"]
[Round "4"]
[White "CHUGANI, ASHVIN:Ashvinc"]
[Black "SHEININ, MARK:marksheinin"]
[Result "1/2-1/2"]
[ICCResult "Game drawn by repetition"]
[WhiteElo "549"]
[BlackElo "748"]
[Opening "Vienna gambit"]
[ECO "C29"]
[NIC "VG.04"]
[Time "10:02:34"]
[PlyCount "76"]
[TimeControl "3600+10"]

1. e4 e5 2. Nc3 Nf6 3. f4 exf4 4. Nf3 Nc6 5. d4 d5 6. e5 Ne4 7. Bxf4 Bf5 8.
Bb5 Bb4 9. Bd2 a6 10. Nxe4 Bxd2+ 11. Nexd2 axb5 12. Nb3 Nb4 13. O-O Nxc2
14. Rc1 Ne3 15. Qe2 Nxf1 16. Rxf1 O-O 17. Nc5 Rxa2 18. Nxb7 Qb8 19. Nh4
Qxb7 20. Rxf5 Ra1+ 21. Rf1 Rxf1+ 22. Qxf1 Qc6 23. Qf4 Ra8 24. h3 Ra1+ 25.
Kh2 Qh6 26. Qg4 g5 27. Qc8+ Qf8 28. Qg4 Kh8 29. Qxg5 Ra6 30. g4 Ra2 31. Kg3
Rxb2 32. Kf4 Rb4 33. Qf6+ Qg7 34. Qd8+ Qg8 35. Qf6+ Qg7 36. Qd8+ Qg8 37.
Qf6+ Qg7 38. Qd8+ Qg8 { Game drawn by repetition } 1/2-1/2

[Event "ICC tourney 2520 (60 10)"]
[Site "Internet Chess Club"]
[Date "2021.04.18"]
[Round "4"]
[White "CHOKSHI, AAYUSH:ChessChampion21"]
[Black "TOSSOU, FAVOR:RYCSFavor"]
[Result "1-0"]
[ICCResult "Black checkmated"]
[WhiteElo "449"]
[BlackElo "292"]
[Opening "Four knights: Ranken variation"]
[ECO "C48"]
[NIC "KP.03"]
[Time "10:02:23"]
[PlyCount "79"]
[TimeControl "3600+10"]

1. e4 e5 2. Nf3 Nc6 3. Nc3 Nf6 4. Bb5 a6 5. Bxc6 bxc6 6. Nxe5 d6 7. Nxc6
Qd7 8. Nd4 Be7 9. Nf3 O-O 10. d4 Rd8 11. O-O Bb7 12. Re1 d5 13. e5 Nh5 14.
Bg5 Bxg5 15. Nxg5 g6 16. Re3 Ng7 17. Rh3 Kf8 18. Nxh7+ Ke7 19. Nf6 Rh8 20.
Nxd7 Kxd7 21. Rxh8 Rxh8 22. Qg4+ f5 23. Qg5 Ke8 24. Qf6 Rg8 25. e6 Nxe6 26.
Qxe6+ Kf8 27. Nxd5 Kg7 28. Qf6+ Kh6 29. Qh4+ Kg7 30. Nf4 Kf7 31. Qh7+ Kf8
32. Nxg6+ Rxg6 33. Qxg6 f4 34. Re1 f3 35. Qe8+ Kg7 36. Re7+ Kf6 37. Qf7+
Kg5 38. Re5+ Kg4 39. Qf5+ Kh4 40. Qg5# { Black checkmated } 1-0

[Event "ICC tourney 2520 (60 10)"]
[Site "Internet Chess Club"]
[Date "2021.04.18"]
[Round "4"]
[White "WANG, ARSTON:randomplayer533"]
[Black "BONFILI, MAX:MVBonfili"]
[Result "1-0"]
[ICCResult "Black checkmated"]
[WhiteElo "757"]
[BlackElo "474"]
[Opening "Queen's bishop game"]
[ECO "D02"]
[NIC "QP.08"]
[Time "10:02:35"]
[PlyCount "47"]
[TimeControl "3600+10"]

1. d4 d5 2. Nf3 Nf6 3. Bf4 Bf5 4. e3 e6 5. Bd3 Nc6 6. a3 Qe7 7. Nc3 O-O-O
8. Qd2 g6 9. Ne5 Nxe5 10. Bxe5 Bg7 11. a4 Ne8 12. Bxg7 Nxg7 13. a5 a6 14.
O-O Qg5 15. Bxf5 Nxf5 16. Qe2 Nh4 17. f3 Nf5 18. Rfe1 Nd6 19. b3 b5 20.
axb6 cxb6 21. Qxa6+ Nb7 22. Qxb6 Rd6 23. Ra8+ Kd7 24. Qxb7# { Black
checkmated } 1-0